 Dungeon Crawl Stone Soup version 0.28-a0-664-gc179e30c89 (webtiles) character file.

Game seed: 17852890828396132094

5952 Johnny the Carver (level 11, -9/87 (89) HPs)
             Began as a Human Berserker on Oct 16, 2021.
             Was an Elder of Trog.
             Mangled by a soul eater (15 damage)
             ... summoned by a kobold demonologist
             ... while paralysed by a hornet
             ... on level 9 of the Dungeon.
             The game lasted 00:09:33 (10352 turns).

Johnny the Carver (Human Berserker)                Turns: 10352, Time: 00:09:34

HP:   -9/87 (89)    AC:  8    Str: 22    XL:     11   Next: 9%
MP:   11/11         EV:  2    Int:  7    God:    Trog [****..]
Gold: 496           SH:  0    Dex: 12    Spells: 10/10 levels left

rFire   . . .      SeeInvis .   b - +0 falchion (flame)
rCold   . . .      Faith    +   (no shield)
rNeg    . . .      Spirit   .   F - +0 troll leather armour
rPois   .          Reflect  .   i - +0 helmet
rElec   .          Harm     .   w - +0 cloak
rCorr   .          Rampage  .   (no gloves)
Will    .....                   x - +1 pair of boots
Stlth   +.........              C - amulet of faith
HPRegen 1.24/turn               (no ring)
MPRegen 0.12/turn               (no ring)

@: paralysed, slowed, lightly drained
A: no striking features
a: Renounce Religion, Berserk, Trog's Hand, Brothers in Arms


You were on level 9 of the Dungeon.
You worshipped Trog.
Trog was greatly pleased with you.
You visited 1 branch of the dungeon, and saw 9 of its levels.

You collected 496 gold pieces.

Inventory:

Hand Weapons
 a - a +2 dagger of draining
 b - a +0 falchion of flaming (weapon)
Armour
 i - a +0 helmet (worn)
 w - a +0 cloak (worn)
 x - a +1 pair of boots (worn)
 F - a +0 troll leather armour (worn)
Jewellery
 C - an amulet of faith (around neck)
Wands
 d - a wand of paralysis (1)
 D - a wand of polymorph (3)
Scrolls
 h - a scroll of immolation
 k - a scroll of blinking
 l - 4 scrolls of teleportation
 n - a scroll of brand weapon
 o - a scroll of vulnerability
 q - 4 scrolls of amnesia
 r - 2 scrolls of fear
 s - 4 scrolls of enchant weapon {unknown}
 t - a scroll of fog {unknown}
 y - 2 scrolls of magic mapping {unknown}
 z - a scroll of summoning {unknown}
 A - a scroll of identify
 E - a scroll of noise {unknown}
Potions
 c - 2 potions of magic
 e - 2 potions of heal wounds
 f - 2 potions of lignification {unknown}
 g - 4 potions of might {unknown}
 j - a potion of degeneration {unknown}
 m - 3 potions of brilliance {unknown}
 p - 4 potions of attraction
 u - 3 potions of curing
 v - a potion of flight {unknown}
 B - 2 potions of cancellation {unknown}


   Skills:
 + Level 9.5 Fighting
 * Level 13.4 Long Blades
 - Level 2.0 Armour
 - Level 2.0 Dodging


You had 10 spell levels left.
You didn't know any spells.
Your spell library was empty.

Dungeon Overview and Level Annotations

Branches:
Dungeon (9/15)             Temple (0/1) D:6
   Lair: D:8-11         Orc: D:9-12

Altars:
Elyvilon
Fedhas
Kikubaaqudgha
Okawaru
Ru
Uskayaw
Vehumet
Xom
Zin
The Shining One

Annotations:
D:3 1 runed translucent door, TimeIsEndless's ghost, amateur SpGl


Message History

No target in view!
No target in view!
No target in view!
No target in view!
No target in view!
No target in view!
No target in view!
No target in view!
No target in view!
You open the door.
Found a shortbow.
There is an open door here.
A hornet and a kobold demonologist come into view.
The kobold demonologist shouts!
The hornet buzzes angrily.
There are monsters nearby!
There are monsters nearby!
The kobold demonologist gestures wildly while chanting.
Found 4 gold pieces and 11 sling bullets.
The hornet stings you but does no damage.
You barely miss the hornet. The hornet stings you!
You feel yourself slow down.
You hit the hornet but do no damage.
The hornet stings you but does no damage.
The kobold demonologist begins to cast a cantrip, but forgets the words!
You barely miss the hornet.
You feel yourself speed up. The hornet misses you.
The kobold demonologist casts a spell.
You barely miss the sun demon. The hornet stings you!
You suddenly lose the ability to move!
The soul eater hits you but does no damage.
The hornet stings you but does no damage.
The sun demon hits you.
You are engulfed in flames!
The hornet completely misses you. The soul eater hits you!
You feel drained.
The sun demon hits you but does no damage.
The hornet stings you.
You feel yourself slow down. The sun demon hits you!
* * * LOW HITPOINT WARNING * * *
You are engulfed in flames!!
* * * LOW HITPOINT WARNING * * *
The soul eater hits you!
You die...

......##...#########+####
...##
....#.##....##..........
..#
.#...........#..........
.#
##.#.........#.........(
....#..#.....#......≈...
..#...##.....#)...≈≈.§≈.
.##...##.....#....≈...≈§
##.##..#..##.'..K3..≈.§§
.#.##.....##.#..@y≈.!§§$
.............#..3.≈≈§≈≈.
...###.......#......≈.§.
..........##.#..........
...........<.#..........
....†........#..........
≈≈≈≈≈........#######+###
....≈......##
#.#.≈....##..


You could see a soul eater (summoned), a sun demon (summoned), a kobold
demonologist and a hornet.

Vanquished Creatures
  Pikel (D:5)
  Maurice (D:8)
  Joseph (D:7)
  2 kobold demonologists (D:6)
  A troll (D:9)
  5 yaks (D:8)
  Eustachio (D:4)
  2 steam dragons
  Edmund (D:4)
  An acid dragon (D:8)
  An ice beast (D:5)
  A sky beast (D:6)
  3 orc warriors
  A necrophage (D:4)
  3 ogres
  A centaur (D:8)
  A phantom (D:5)
  2 kobold brigands
  3 bullfrogs
  3 scorpions
  A water moccasin skeleton (D:5)
  A wight (D:8)
  4 howler monkeys
  A centaur zombie (D:7)
  A bullfrog zombie (D:6)
  A jelly (D:5)
  A centaur skeleton (D:6)
  Crazy Yiuf (D:4)
  A gnoll shaman (D:5)
  6 orc priests
  2 hounds
  2 bullfrog skeletons
  Ijyb (D:4)
  2 iguanas
  10 orc wizards
  2 hound skeletons (D:4)
  Robin (D:4)
  9 gnolls (D:5)
  A howler monkey zombie (D:9)
  6 adders
  2 shadow imps (D:6)
  A white imp (D:8)
  2 adder skeletons (D:4)
  2 worms
  2 dart slugs
  19 orcs
  3 bats (D:1)
  5 endoplasms
  3 giant cockroaches
  14 goblins
  4 hobgoblins (D:4)
  3 jackals (D:1)
  5 quokkas
  6 ball pythons
  2 frilled lizards (D:3)
  17 kobolds
  9 rats
188 creatures vanquished.

Vanquished Creatures (others)
  A human (D:7)
  An orc wizard (D:4)
  2 fungi (D:4)
  2 plants (D:4)
6 creatures vanquished.

Grand Total: 194 creatures vanquished

Notes
Turn   | Place    | Note
-------+----------+-------------------------------------------
     0 | D:1      | Johnny the Human Berserker began the quest for the Orb.
     0 | D:1      | Reached XP level 1. HP: 18/18 MP: 1/1
   440 | D:1      | Reached XP level 2. HP: 24/24 MP: 2/2
  1133 | D:1      | Reached skill level 4 in Long Blades
  1133 | D:1      | Reached XP level 3. HP: 27/29 MP: 3/3
  1604 | D:1      | Found a faded altar of an unknown god.
  1625 | D:1      | Reached ** piety under Trog
  2061 | D:2      | Reached XP level 4. HP: 31/35 MP: 4/4
  2383 | D:3      | Found a runed translucent door.
  2399 | D:3      | Found a radiant altar of Vehumet.
  2686 | D:3      | Reached skill level 5 in Long Blades
  2759 | D:3      | Noticed TimeIsEndless's ghost (amateur SpGl)
  3034 | D:4      | Reached XP level 5. HP: 41/41 MP: 5/5
  3252 | D:4      | Noticed Ijyb
  3256 | D:4      | Paralysed by Ijyb for 7 turns
  3292 | D:4      | Reached XP level 6. HP: 43/48 MP: 6/6
  3295 | D:4      | Killed Ijyb
  3521 | D:4      | Noticed an ogre
  3537 | D:4      | Killed an ogre
  3538 | D:4      | Reached skill level 6 in Long Blades
  3548 | D:4      | Noticed a necrophage
  3573 | D:4      | Killed a necrophage
  3574 | D:4      | Reached XP level 7. HP: 25/54 MP: 7/7
  3808 | D:4      | Noticed Eustachio
  3926 | D:4      | Killed Eustachio
  3927 | D:4      | Reached skill level 7 in Long Blades
  3952 | D:4      | Found a blossoming altar of Fedhas.
  3972 | D:4      | Noticed Edmund
  3983 | D:4      | Killed Edmund
  3984 | D:4      | Reached skill level 5 in Fighting
  3989 | D:4      | HP: 2/56 [poisoned by Edmund]
  4233 | D:4      | Reached XP level 8. HP: 49/62 MP: 8/8
  4380 | D:4      | Reached *** piety under Trog
  4383 | D:4      | Noticed Robin
  4397 | D:4      | Killed Robin
  4603 | D:4      | Found a runed translucent door.
  4604 | D:4      | Noticed Crazy Yiuf
  4934 | D:4      | Killed Crazy Yiuf
  4935 | D:4      | Reached skill level 8 in Long Blades
  5024 | D:5      | Entered Level 5 of the Dungeon
  5036 | D:5      | Noticed Pikel
  5058 | D:5      | Killed Pikel
  5059 | D:5      | Reached skill level 9 in Long Blades
  5156 | D:5      | Found an iron altar of Okawaru.
  5228 | D:5      | Reached XP level 9. HP: 52/70 MP: 9/9
  6299 | D:6      | Reached skill level 10 in Long Blades
  6411 | D:6      | Noticed a kobold demonologist
  6415 | D:6      | Found a transporter.
  6615 | D:6      | Noticed a kobold demonologist
  6618 | D:6      | Found a transporter.
  6632 | D:6      | Found a staircase to the Ecumenical Temple.
  6920 | D:6      | Found a sacrificial altar of Ru.
  7198 | D:6      | Found a white marble altar of Elyvilon.
  7327 | D:6      | Killed a kobold demonologist
  7328 | D:6      | Reached skill level 11 in Long Blades
  7486 | D:6      | Killed a kobold demonologist
  7486 | D:6      | Reached **** piety under Trog
  7487 | D:6      | Reached XP level 10. HP: 44/80 MP: 10/10
  8136 | D:7      | Noticed Joseph
  8137 | D:7      | Found an ancient bone altar of Kikubaaqudgha.
  8149 | D:7      | Killed Joseph
  8150 | D:7      | Reached skill level 12 in Long Blades
  8616 | D:8      | Found a glowing golden altar of the Shining One.
  8926 | D:8      | Noticed Maurice
  8947 | D:8      | Killed Maurice
  9031 | D:8      | Found a glowing silver altar of Zin.
  9347 | D:8      | Reached skill level 13 in Long Blades
  9519 | D:8      | Reached XP level 11. HP: 25/89 MP: 11/11
  9729 | D:8      | Found a shimmering altar of Xom.
 10005 | D:9      | Found a hide-covered altar of Uskayaw.
 10346 | D:9      | Noticed a soul eater
 10350 | D:9      | Noticed a sun demon
 10350 | D:9      | Paralysed by a hornet for 3 turns
 10352 | D:9      | Mangled by a soul eater

Illustrated notes

Levels and vault maps discovered:
D:1:      psy_arrival_radial01, layout_loops_corners,
          ebering_ecumenical_altar_webs
D:2:      layout_loops_cross, minmay_misc_feat_tower
D:3:      layout_rooms, nicolae_vehumet_radiance, hellmonk_ghost_happy_afterlife
D:4:      layout_basic, fedhas_altar_3, hex_intersection, uniq_edmund,
          uniq_eustachio, uniq_robin, uniq_crazy_yiuf_cottage, uniq_ijyb
D:5:      layout_loops_ring, old_standard_altar, uniq_pikel
D:6:      gammafunk_wand_slinger, layout_cave_pools,
          mainiacjoe_overflow_catwalk, nicolae_ru_awakened_eye,
          minmay_temple_entry_drinking_statues, hangedman_glass_teeth
D:7:      layout_rooms, tgw_kikubaaqudgha, uniq_joseph
D:8:      layout_loops_ring, mainiacjoe_overflow_paths, xom_teletrap_fun,
          overflow_temple_1_default, st_stairs_3, uniq_maurice
D:9:      layout_layer_cave, mainiacjoe_overflow_brackets,
          kennysheep_generic_room_2

Skill      XL: |  1  2  3  4  5  6  7  8  9 10 |
---------------+-------------------------------+-----
Long Blades    | 4 5 6 7 9 11 13 | 13.4
Fighting       | 4 5 6 7 9 |  9.5
Armour         | |  2.0
Dodging        | |  2.0

Action                   |  1- 3 |  4- 6 |  7- 9 | 10-12 || total
-------------------------+-------+-------+-------+-------++-------
Melee: Falchion          |   110 |   162 |   279 |   209 ||   760
       Dagger            |       |       |     5 |       ||     5
Invok: Berserk           |     1 |     3 |     8 |     7 ||    19
       Trog's Hand       |       |     2 |     2 |     2 ||     6
Evoke: Wand              |       |       |    16 |    12 ||    28
  Use: Scroll            |       |     2 |     8 |       ||    10
       Potion            |       |     1 |     2 |       ||     3
 Stab: Paralysed         |       |       |     8 |    10 ||    18
Armor: Animal skin       |    17 |       |       |       ||    17
       Scale mail        |    20 |    74 |       |       ||    94
       Chain mail        |       |       |   170 |    60 ||   230
       Troll leather arm |       |       |       |    16 ||    16
Dodge: Dodged            |    69 |    85 |   102 |    64 ||   320

Table legend: (Time is in decaauts)
 A = Elapsed time spent in this place.
 B = Non-inter-level travel time spent in this place.
 C = Inter-level travel time spent in this place.
 D = Time resting spent in this place.
 E = Time spent auto-exploring this place.
 F = Levels seen in this place.
 G = Mean time per level.
                   A        B        C        D        E       F      G
               +--------+--------+--------+--------+--------+-----+--------+
         Total |  10408 |  10069 |    339 |   2363 |   6037 |   9 | 1156.4 |
       Dungeon |  10408 |  10069 |    339 |   2363 |   6037 |   9 | 1156.4 |
               +--------+--------+--------+--------+--------+-----+--------+

Top non-repeatable levels by time:
     D:4: 2002 daAuts
     D:1: 1785 daAuts
     D:6: 1529 daAuts
     D:8: 1345 daAuts
     D:5: 1231 daAuts
     D:7: 714 daAuts
     D:2: 655 daAuts
     D:3: 651 daAuts
     D:9: 491 daAuts
